 Dungeon Crawl Stone Soup version 0.31-a0-16-g6d2539766c (webtiles) character file.

Game seed: 8603250714933952449

3 ytrimaz the Insei (level 1, -1/16 HPs)
             Began as a Meteoran Transmuter on May 8, 2023.
             Slain by a goblin
             ... wielding a +2 dagger of protection
              (4 damage)
             ... on level 1 of the Dungeon.
             The game lasted 00:00:13 (134 turns).

ytrimaz the Insei (Meteoran Transmuter)              Turns: 134, Time: 00:00:14

Health: -1/16      AC:  2    Str: 11    XL:     1   Next: 71%
Magic:  5/5        EV: 12    Int: 14    God:
Gold:   53         SH:  0    Dex: 14    Spells: 4/5 levels left

rFire   . .          .
                       - Unarmed
rCold   . . .        (no shield)
rNeg    . . .        a - +0 robe
rPois   .            (helmet currently unavailable)
rElec   .            (no cloak)
rCorr   .            (no gloves)
SInv    .            (boots currently unavailable)
Will    .....        (no amulet)
Stlth   +            (no ring)
HPRegen 0.22/turn    (no ring)
MPRegen 0.09/turn

%: no passive effects
@: lethally poisoned (-1 -> -19), appendages, glowing
A: horns 2, talons 2, sense surroundings 1, otherworldly, glowing, explore regen
a: End Transformation


You were on level 1 of the Dungeon.
You had temporarily grown beastly horns and talons.
You visited 1 branch of the dungeon, and saw 1 of its levels.

You collected 53 gold pieces.


Innate Abilities, Weirdness & Mutations

You have temporarily grown beastly horns and talons.
You passively map a small area around you.
You are easily found by Zot.
You glow in the dark.
You regain HP and MP as you explore.


   Skills:
 - Level 1.1 Fighting
 - Level 2.4 Dodging
 + Level 3.8 Unarmed Combat
 - Level 2.6 Spellcasting
 + Level 2.6 Transmutations


You had 4 spell levels left.
You knew the following spells:

 Your Spells              Type           Power      Damage    Failure   Level
a - Beastly Appendage     Tmut           18%        N/A       8%          1

Your spell library contained the following spells:

 Spells                   Type           Power      Damage    Failure   Level
 Wereblood                Tmut           9%         N/A       12%         2
 Spider Form              Tmut/Pois      5%         N/A       36%         3
 Ice Form                 Ice/Tmut       5%         N/A       77%         4

Inventory:

Armour
 a - a +0 robe (worn)
Potions
 b - 3 potions of lignification
 c - a potion of flight {unknown}

Dungeon Overview and Level Annotations

Branches:
Dungeon (1/15) Zot: 465

Altars:

......### * *
###.#...##### * *
#..###.)...# ,
#.##
#####.###########.
* #.#
#............. #.#
#######......... *
#.#
*....?...........
#.#
........Kl......,,
#.# *
.......g@....#. ,
... ........##..##
* * .!......# .##,
>...[.... ..
#####.... *##*
*..##. ..# .#* ,
..# * ,


You could see a goblin, a kobold and a frilled lizard.


Message History

Options error: Missing colour in message_colour setting: 'now there\.\"' Options error: Missing colour in message_colour setting: 'my child' Options error: Missing colour in message_colour setting: 'mortal' Options error: Missing colour in message_colour setting: 'you see no one' Options error: Missing colour in message_colour setting: 'you\'re it!\"' Options error: Missing colour in message_colour setting: 'Boring in death\"' Options error: Missing colour in message_colour setting: 'baby\' Options error: Missing colour in message_colour setting: 'burn!\"' Options error: Missing colour in message_colour setting: 'mortal\.\"' Options error: Missing colour in message_colour setting: 'my child!\"' Options error: Missing colour in message_colour setting: 'this looks better\.\"' Options error: Missing colour in message_colour setting: 'my child!\"' Options error: Missing colour in message_colour setting: 'my (child|children)!\"' Options error: Missing colour in message_colour setting: 'stopping explore' ✅ Successfully initialized magus.rc [v1.9.6] Welcome, ytrimaz the Meteoran Transmuter.
The heart of this dungeon contains the fabulous artefact, the Orb of Zot.
Press ? for a list of commands and other information.
Found a staircase leading out of the dungeon.
c - a fizzy clear potion Unknown command.
You now have 15 gold pieces.
You now have 29 gold pieces (gained 14).
You open the gate.
There is an open gate here.
You now have 43 gold pieces (gained 14).
You now have 53 gold pieces (gained 10).
b - 3 potions of lignification (gained 2)
A kobold comes into view. It is wielding a +0 dagger.
The kobold shouts!
An endoplasm comes into view.
Unknown command.
The endoplasm quivers.
The kobold throws a stone.
The stone misses you.
You grow a pair of large bovine horns.
Your feet morph into talons.
The kobold throws a stone.
The stone hits you but does no damage. 😎 MP[-1]
You lost 1 mp, and now have 4/5 mp.
You closely miss the kobold. Your punch misses the kobold.
You hit the kobold but do no damage. Your kick misses the kobold.
You headbutt the kobold.
You kill the kobold!
The endoplasm misses you.
Things that are here:
a +0 dagger; 5 stones Unknown command.
You hit the endoplasm. The endoplasm hits you. 😕 HP[-3]
You take 3 damage, and now have 13/16 hp.
You hit the endoplasm. You claw the endoplasm.
You kill the endoplasm!
No target in view!
Your transformation is almost over.
A goblin comes into view.
It is wielding a +2 dagger of protection.
Found a scroll labelled DISALA REOS and a sapphire potion.
Found a stone staircase leading down.
The goblin shouts!
A bat comes into view. 😎 HP[+3] MP[+1]
Your hp is fully restored (16).
Your mp is fully restored (5).
There are monsters nearby!
A frilled lizard comes into view.
A kobold comes into view.
It is wielding a +1 short sword of venom.
You extend your transformation's duration.
The frilled lizard hisses angrily.
The kobold shouts!
The bat closely misses you. 😎 MP[-1]
You lost 1 mp, and now have 4/5 mp.
You closely miss the bat. You claw the bat.
You kill the bat!
The goblin barely misses you.
You hit the goblin but do no damage. You claw the goblin, but do no damage.
Your punch misses the goblin. The goblin misses you.
You hit the goblin but do no damage. Your kick misses the goblin.
Your headbutt misses the goblin. The goblin hits you but does no damage.
You closely miss the goblin. Your kick misses the goblin.
The goblin misses you.
Unknown command.
You hit the goblin but do no damage.
You headbutt the goblin, but do no damage.
The goblin misses you. The kobold misses you.
The frilled lizard hisses.
The frilled lizard closely misses you.
The frilled lizard attacks as you move away!
The frilled lizard bites you.
The kobold hits you with a +1 short sword of venom.
You are poisoned.
The goblin hits you but does no damage. 😕 HP[-3] MP[+1]
You take 3 damage, and now have 13/16 hp.
Your mp is fully restored (5).
You miss the goblin.
You feel very sick.
The kobold hits you with a +1 short sword of venom.
* * * LOW HITPOINT WARNING * * *
You are more poisoned.
The frilled lizard bites you.
* * * LOW HITPOINT WARNING * * *
The goblin hits you with a +2 dagger of protection.
You die...

Action                     || total
---------------------------++-------
  Melee: Unarmed           ||    10
         Kick              ||     3
         Headbutt          ||     2
   Cast: Beastly Appendage ||     2
 Armour: Robe              ||     3
  Dodge: Dodged            ||     9

Levels and vault maps discovered:
D:1:      kennysheep_arrival_seaside, layout_rooms

Notes
Turn   | Place    | Note
-------+----------+-------------------------------------------
     0 | D:1      | ytrimaz the Meteoran Transmuter began the quest for the
                  | Orb.
     0 | D:1      | Reached XP level 1. HP: 16/16 MP: 5/5
     0 | D:1      | magus.rc [v1.9.6]
   134 | D:1      | HP: 3/16 [frilled lizard (3)]
   134 | D:1      | Slain by a goblin

Vanquished Creatures
  An endoplasm (D:1)
  A kobold (D:1)
  A bat (D:1)
3 creatures vanquished.

Table legend:
 A = Non-vault XP
 B = Vault XP
 C = Vault XP percentage of total XP
 D = Non-vault monster count
 E = Vault monster count
 F = Vault count percentage of total count
                 A         B        C        D         E       F
            +---------+---------+-------+---------+---------+-------
      Total |       5 |       0 |   0.0 |       3 |       0 |   0.0
            +---------+---------+-------+---------+---------+-------
        D:1 |       5 |       0 |   0.0 |       3 |       0 |   0.0
            +---------+---------+-------+---------+---------+-------

Action                     || total
---------------------------++-------
  Melee: Unarmed           ||    10
         Kick              ||     3
         Headbutt          ||     2
   Cast: Beastly Appendage ||     2
 Armour: Robe              ||     3
  Dodge: Dodged            ||     9

Illustrated notes

Table legend:
 A = Kills in this place as a percentage of kills in the entire game.
 B = Kills by you in this place as a percentage of kills by you in the entire game.
 C = Kills by friends in this place as a percentage of kills by friends in the entire game.
 D = Other kills in this place as a percentage of other kills in the entire game.
 E = Experience gained in this place as a percentage of experience gained in the entire game.
 F = Experience gained in this place divided by the number of levels of this place that you have seen.
                   A       B       C       D       E      F
               +-------+-------+-------+-------+-------+----------------------
         Total | 100.0 | 100.0 |   N/A |   N/A | 100.0 |   5.0
       Dungeon | 100.0 | 100.0 |   N/A |   N/A | 100.0 |   5.0
               +-------+-------+-------+-------+-------+----------------------

Table legend: (Time is in decaauts)
 A = Elapsed time spent in this place.
 B = Non-inter-level travel time spent in this place.
 C = Inter-level travel time spent in this place.
 D = Time resting spent in this place.
 E = Time spent auto-exploring this place.
 F = Levels seen in this place.
 G = Mean time per level.
                   A        B        C        D        E       F      G
               +--------+--------+--------+--------+--------+-----+--------+
         Total |    133 |    133 |      0 |      0 |    111 |   1 |  133.0 |
       Dungeon |    133 |    133 |      0 |      0 |    111 |   1 |  133.0 |
               +--------+--------+--------+--------+--------+-----+--------+

Top non-repeatable levels by time:
     D:1: 133 daAuts
